 Dungeon Crawl Stone Soup version 0.29.1-13-g9f3cf754e1 (webtiles) character file.

Game seed: 8272858618634677901

1106 KittyFluff the Cudgeller (level 8, -1/49 HPs)
             Began as a Gargoyle Berserker on Feb 7, 2023.
             Was a Priest of Trog.
             Slain by a kobold brigand
             ... wielding a +0 dagger
              (3 damage)
             ... on level 6 of the Dungeon.
             The game lasted 00:21:31 (4233 turns).

KittyFluff the Cudgeller (Gargoyle Berserker)       Turns: 4233, Time: 00:21:32

Health: -1/49      AC: 10    Str: 22    XL:     8   Next: 33%
Magic:  8/8        EV: 14    Int:  8    God:    Trog [***...]
Gold:   309        SH: 13    Dex: 11    Spells: 7/7 levels left

rFire   . . .      SeeInvis +   u - +0 flail (venom)
rCold   . . .      Faith    .   p - +0 kite shield
rNeg    + + .      Spirit   .   F - +1 robe of the Harp {rN+ Int+3 SInv}
rPois   ∞          Reflect  +   (no helmet)
rElec   +          Harm     .   (no cloak)
rCorr   .          Rampage  .   g - +0 pair of gloves
Will    .....                   (no boots)
Stlth   ++........              J - amulet of reflection
HPRegen 0.16/turn               z - +4 ring of evasion
MPRegen 0.11/turn               (no ring)

@: on berserk cooldown, hasted and slowed
A: sickness immunity, AC +5, negative energy resistance 1, electricity
resistance, torment resistance 1, petrification resistance, dopey 1, noise
suppression
a: Renounce Religion, Berserk, Trog's Hand


You were on level 6 of the Dungeon.
You worshipped Trog.
Trog was most pleased with you.
You visited 1 branch of the dungeon, and saw 6 of its levels.

You collected 309 gold pieces.

Inventory:

Hand Weapons
 a - a +0 mace
 u - a +0 flail of venom (weapon)
 E - a +0 sling
Missiles
 c - 22 stones (quivered)
 G - a boomerang
 I - 6 poisoned darts
Armour
 g - a +0 pair of gloves (worn)
 h - a +0 leather armour
 p - a +0 kite shield (worn)
 t - a scarf of harm
 v - a +0 ring mail
 w - a +1 scale mail of positive energy
 x - a +0 chain mail of fire resistance
 F - the +1 robe of the Harp (worn) {rN+ Int+3 SInv}
   (You found it on level 5 of the Dungeon)

   Int:       It affects your intelligence (+3).
   rN:        It protects you from negative energy.
   SInv:      It lets you see invisible.
Jewellery
 j - a ring of fire
 z - a +4 ring of evasion (left hand)
 J - an amulet of reflection (around neck)
Wands
 s - a wand of acid (8)
 D - a wand of paralysis (14)
Scrolls
 i - a scroll of immolation {unknown}
 o - a scroll of teleportation {unknown}
 q - 2 scrolls of vulnerability {unknown}
 r - a scroll of amnesia {unknown}
 y - a scroll of blinking {unknown}
 A - a scroll of identify {unknown}
 H - 3 scrolls of fog {unknown}
Potions
 d - a potion of heal wounds {unknown}
 e - 2 potions of mutation
 f - a potion of haste
 k - 5 potions of curing {unknown}
 l - 2 potions of resistance {unknown}
 m - a potion of degeneration {unknown}
 n - 2 potions of magic {unknown}
 B - 2 potions of lignification {unknown}
 C - a potion of berserk rage {unknown}


   Skills:
 + Level 5.0 Fighting
 + Level 7.2 Maces & Flails
 + Level 0.1 Throwing
 * Level 4.6 Armour
 + Level 2.8 Dodging
 + Level 2.4 Stealth
 + Level 2.6 Shields


You had 7 spell levels left.
You didn't know any spells.
Your spell library was empty.

Dungeon Overview and Level Annotations

Branches:
Dungeon (6/15)
 Temple: D:4-7

Altars:


Innate Abilities, Weirdness & Mutations

You are immune to sickness and miasma.
Your stone body is resilient. (AC +5)
You are immune to poison.
You resist negative energy. (rN+)
You are resistant to electric shocks. (rElec)
You are resistant to unholy torment.
You are immune to petrification.
You are dopey. (Int -2)
You passively dampen the noise of your surroundings.


Message History

* * * LOW HITPOINT WARNING * * *
You barely miss the orc priest.
The orc priest is almost dead.
You block the orc priest's attack. The orc closely misses you.
You sock the orc priest!
You kill the orc priest!
Trog accepts your kill. You block the orc's attack.
You bludgeon the bullfrog!!
You kill the bullfrog!
Trog accepts your kill. You block the orc's attack.
Things that are here:
a +0 hand axe; a +0 ring mail You barely miss the orc.
The orc barely misses you. The orc closely misses you.
You barely miss the orc. You block the orc's attack. x2
A kobold comes into view. It is wielding a +0 dagger.
You closely miss the orc. You closely miss the orc.
You block the orc's attack. x2
You thump the orc!
You kill the orc!
Trog accepts your kill. You block the orc's attack.
You barely miss the orc. The orc barely misses you.
You sock the orc!
You kill the orc!
Trog accepts your kill.
You closely miss the kobold brigand.
You are no longer berserk.
You are exhausted.
You feel yourself slow down.
It was a potion of mutation.
You feel extremely strange.
You feel stupid.
You feel your surroundings grow quieter.
The kobold brigand hits you but does no damage. x2
Okay, then.
Okay, then.
It was a potion of haste.
You feel yourself speed up.
The kobold brigand hits you with a +0 dagger.
You die...

#..#.#.## ##
#.#...## .
#.##.## #.
#.##.#
#.#####<##.#
#..?o.ooK..#
####...###.####
.......###.#
#..)@KoK#
#########


You could see a kobold brigand, an orc and a kobold.

Vanquished Creatures
  Eustachio (D:5)
  A water moccasin (D:5)
  An ice beast (D:5)
  2 phantoms (D:5)
  A bullfrog (D:6)
  A necrophage (D:5)
  A scorpion (D:5)
  A howler monkey (D:6)
  2 hounds (D:5)
  An orc priest (D:6)
  A jelly (D:4)
  Natasha (twice) (D:2)
  2 orc wizards
  Terence (D:3)
  3 gnolls (D:2)
  4 adders
  2 worms
  A dart slug (D:4)
  9 orcs
  9 ball pythons
  7 endoplasms
  4 giant cockroaches
  6 goblins
  6 hobgoblins
  7 jackals (D:3)
  3 kobolds
  3 quokkas
  5 bats
  A frilled lizard (D:1)
  4 rats
92 creatures vanquished.

Vanquished Creatures (others)
  A plant (D:1)
1 creature vanquished.

Grand Total: 93 creatures vanquished

Notes
Turn   | Place    | Note
-------+----------+-------------------------------------------
     0 | D:1      | KittyFluff the Gargoyle Berserker began the quest for the
                  | Orb.
     0 | D:1      | Reached XP level 1. HP: 14/14 MP: 1/1
   242 | D:1      | Reached XP level 2. HP: 10/19 MP: 2/2
   856 | D:2      | Reached XP level 3. HP: 15/23 MP: 3/3
  1126 | D:2      | Reached ** piety under Trog
  1351 | D:2      | Reached XP level 4. HP: 19/29 MP: 4/4
  1355 | D:2      | Reached skill level 4 in Maces & Flails
  1689 | D:2      | Noticed Natasha
  1702 | D:2      | Killed Natasha
  1837 | D:2      | Noticed Natasha
  1849 | D:2      | Killed Natasha
  1850 | D:2      | Reached XP level 5. HP: 27/33 MP: 5/5
  2107 | D:3      | Found a faded altar of an unknown god.
  2155 | D:3      | Noticed Terence
  2163 | D:3      | Killed Terence
  2540 | D:3      | Reached skill level 5 in Maces & Flails
  2772 | D:4      | Reached skill level 1 in Stealth
  2864 | D:4      | Reached XP level 6. HP: 37/38 MP: 6/6
  3139 | D:5      | Entered Level 5 of the Dungeon
  3183 | D:5      | Noticed Eustachio
  3194 | D:5      | Killed Eustachio
  3319 | D:5      | Reached skill level 1 in Shields
  3411 | D:5      | Noticed a water moccasin
  3416 | D:5      | Reached XP level 7. HP: 40/44 MP: 7/7
  3421 | D:5      | Reached skill level 6 in Maces & Flails
  3466 | D:5      | Identified the +1 robe of the Harp {rN+ Int+3 SInv}
  3801 | D:5      | Reached XP level 8. HP: 47/48 MP: 8/8
  4206 | D:6      | Reached skill level 7 in Maces & Flails
  4216 | D:6      | Reached skill level 5 in Fighting
  4219 | D:6      | HP: 1/73 [orc/+0 short sword (4)]
  4222 | D:6      | Reached *** piety under Trog
  4232 | D:6      | Gained mutation: You are dopey. (Int -2) [potion of
                  | mutation]
  4232 | D:6      | Gained mutation: You passively dampen the noise of your
                  | surroundings. [potion of mutation]
  4233 | D:6      | Slain by a kobold brigand

Illustrated notes

Levels and vault maps discovered:
D:1:      dpeg_arrival_circle_labyrinth_a, layout_basic,
          minmay_shallow_snake_nest
D:2:      layout_loops_ring, serial_rivers, chequers_serial_rivers_marsh,
          chequers_serial_rivers_micro_a, chequers_serial_rivers_small_3,
          chequers_serial_rivers_small_b, chequers_serial_rivers_small_b,
          minmay_octomino_e4, uniq_natasha
D:3:      layout_basic, dreamdust_ecumenical_altar_angels_and_demons,
          uniq_terence
D:4:      layout_rooms
D:5:      layout_layer_cave, minmay_misc_feat_diagonals, uniq_eustachio
D:6:      layout_loops_ring, uniq_blork_the_orc

Skill      XL: |  1  2  3  4  5  6  7  8 |
---------------+-------------------------+-----
Maces & Flails | 4 5 6 7 |  7.2
Fighting       | 4 5 |  5.0
Armour         | 3 4 |  4.6
Dodging        | 2 |  2.8
Stealth        | 1 2 |  2.4
Shields        | 1 2 |  2.6
Throwing       | |  0.1

Action                   |  1- 3 |  4- 6 |  7- 9 || total
-------------------------+-------+-------+-------++-------
Melee: Mace              |   103 |    40 |       ||   143
       Flail             |       |    93 |    80 ||   173
Throw: Stone             |       |     8 |       ||     8
Invok: Berserk           |       |       |     1 ||     1
  Use: Scroll            |       |     1 |       ||     1
       Potion            |       |       |     2 ||     2
 Stab: Sleeping          |       |       |     1 ||     1
Armor: Animal skin       |    40 |     4 |       ||    44
       Leather armour    |       |    53 |     3 ||    56
       Robe              |       |       |    15 ||    15
Dodge: Dodged            |    71 |    59 |    41 ||   171
Block: Kite shield       |       |    34 |    47 ||    81
       Reflection        |       |       |     4 ||     4
